 Dungeon Crawl Stone Soup version 0.30-a0-576-g89cddaab80 (webtiles) character file.

Game seed: 12639845843741905956

3632 ragingrage the Carver (level 9, -3/77 HPs)
             Began as a Demigod Artificer on Dec 30, 2022.
             Slain by an unseen horror (8 damage)
             ... on level 7 of the Dungeon.
             The game lasted 00:08:59 (8434 turns).

ragingrage the Carver (Demigod Artificer)           Turns: 8434, Time: 00:09:00

Health: -3/77      AC: 10    Str: 19    XL:     9   Next: 57%
Magic:  20/20      EV: 11    Int: 13    God:
Gold:   357        SH:  0    Dex: 26    Spells: 4/8 levels left

rFire   . . .      SeeInvis .    a - +1 dagger (venom)
rCold   . . .      Faith    .    (no shield)
rNeg    . . .      Spirit   .    I - +0 troll leather armour
rPois   .          Reflect  .    w - +2 hat
rElec   .          Harm     .    B - +0 cloak
rCorr   .          Rampage  .    (no gloves)
Will    .....                    n - +2 pair of boots
Stlth   +++                      (no amulet)
HPRegen 0.32/turn                i - +6 ring of strength
MPRegen 0.17/turn                l - ring of magical power

@: on berserk cooldown, slowed, very slow
A: high MP 1, forlorn, divine attributes
a: no special abilities


You were on level 7 of the Dungeon.
You visited 1 branch of the dungeon, and saw 7 of its levels.

You collected 413 gold pieces.
You spent 56 gold pieces at shops.

Inventory:

Hand Weapons
 a - a +1 dagger of venom (weapon)
 b - a +0 falchion
 j - a +0 quarterstaff
Missiles
 s - 5 poisoned darts
 G - 5 javelins
Armour
 n - a +2 pair of boots (worn)
 w - a +2 hat (worn)
 B - a +0 cloak (worn)
 I - a +0 troll leather armour (worn)
Jewellery
 i - a +6 ring of strength (left hand)
 l - a ring of magical power (right hand)
Wands
 c - a wand of flame (3) (quivered)
 d - a wand of charming (30)
 e - a wand of iceblast (10)
Scrolls
 f - 4 scrolls of identify {unknown}
 g - a scroll of teleportation {unknown}
 q - 3 scrolls of enchant armour {unknown}
 r - a scroll of fear {unknown}
 t - a scroll of poison {unknown}
 u - 3 scrolls of amnesia {unknown}
 v - a scroll of fog
 A - a scroll of magic mapping {unknown}
 C - a scroll of immolation {unknown}
 E - a scroll of enchant weapon {unknown}
 F - a scroll of vulnerability {unknown}
Potions
 h - 2 potions of might {unknown}
 k - a potion of brilliance
 m - a potion of heal wounds {unknown}
 o - 3 potions of lignification
 p - a potion of invisibility
 H - a potion of degeneration {unknown}


   Skills:
 - Level 6.3 Fighting
 + Level 9.5 Long Blades
 - Level 1.7 Armour
 - Level 0.8 Dodging
 - Level 5.0 Stealth
 - Level 5.0 Evocations


You had 4 spell levels left.
You knew the following spells:

 Your Spells              Type           Power      Damage    Failure   Level
a - Apportation           Tloc           0%         N/A       36%         1
b - Mephitic Cloud        Conj/Pois/Air  0%         N/A       73%         3

Your spell library contained the following spells:

 Spells                   Type           Power      Damage    Failure   Level
 Magic Dart               Conj           0%         1d3       36%         1
 Call Imp                 Summ           0%         N/A       50%         2
 Ensorcelled Hibernation  Hex/Ice        0%         N/A       50%         2
 Spider Form              Tmut/Pois      0%         N/A       73%         3
 Summon Guardian Golem    Hex/Summ       0%         N/A       73%         3
 Anguish                  Hex/Necr       0%         N/A       98%         4
 Alistair's Intoxication  Tmut/Pois      0%         N/A       100%        5
 Haunt                    Necr/Summ      0%         N/A       100%        7


Dungeon Overview and Level Annotations

Branches:
Dungeon (7/15)             Temple (0/1) D:5

Shops:
D:4 ?

Annotations:
D:3 2 transporters
D:4 1 runed translucent door, 1 exclusion, Encipher's ghost, amateur DjDe
D:6 exclusion: downstairs


Innate Abilities, Weirdness & Mutations

You have an increased reservoir of magic. (+10% MP)
You shall have no god before yourself.
Your divine heritage dramatically boosts your attributes as you level up.


Message History

a +0 troll leather armour; a troll corpse
I - a +0 troll leather armour You start removing your armour.
You continue taking off your +0 ring mail. x4
You finish taking off your +0 ring mail.
You start putting on your armour.
You continue putting on your +0 troll leather armour. x5
You finish putting on your +0 troll leather armour.
The armour cannot attune itself to your injured body.
You drop a +0 ring mail.
You start resting.
Something hits you but does no damage.
Deactivating autopickup; reactivate with Ctrl-A.
Your +1 dagger of venom begins to drip with poison!
a - a +1 dagger of venom (weapon)
You hit something. Something hits you but does no damage.
You see here a +0 ring mail.
Something hits you!
* * * LOW HITPOINT WARNING * * *
Something hits you!
* * * LOW HITPOINT WARNING * * *
Something hits you but does no damage.
You hit something but do no damage. Something hits you but does no damage.
You feel better.
Something hits you but does no damage. x2
It was a potion of cancellation.
You feel magically purged.
It was a potion of berserk rage.
A red film seems to cover your vision as you go berserk!
You feel yourself moving faster!
You feel mighty!
You feel a strong urge to attack something.
You see here a +0 ring mail.
You feel your anger nearly subside. Something hits you but does no damage.
You are no longer berserk.
You are exhausted.
You feel yourself slow down. Something hits you.
* * * LOW HITPOINT WARNING * * *
Something hits you.
* * * LOW HITPOINT WARNING * * *
Something hits you!
You die...

#####>...#.# #.#.##.#
#.#<##.# #.#.##.#
###### .# #.#.##.#
.....# .# #...##.#
####.# .# #.....# #.#
.# ##.##.# #.# .#
#@##.#
####.###.#######.##.#
................†[..#
...>....###########.#
####.##.# #.# #
#.##.# #.# # #.##.#
#.# . ..##.# #.# ##
####.# #.#


There were no monsters in sight!

Vanquished Creatures
  Pikel (D:7)
  A troll (D:7)
  Grinder (D:5)
  Prince Ribbit (D:5)
  Sigmund (D:4)
  A wraith (D:6)
  2 yaks (D:7)
  Eustachio (D:5)
  A vampire mosquito (D:6)
  3 black bears
  A sky beast (D:7)
  2 ogres (D:5)
  A phantom (D:6)
  A bullfrog (D:7)
  A necrophage (D:4)
  A scorpion (D:3)
  A howler monkey (D:6)
  A crimson imp (D:6)
  A hound (D:6)
  2 jellies
  3 orc priests
  A gnoll bouda (D:4)
  2 iguanas
  2 orc wizards
  12 adders
  9 gnolls
  A white imp (D:6)
  A worm (D:2)
  3 dart slugs
  17 orcs
  6 endoplasms
  A giant cockroach (D:3)
  6 goblins
  8 hobgoblins
  4 jackals (D:3)
  3 quokkas
  9 ball pythons
  5 bats
  9 kobolds
  8 rats
135 creatures vanquished.

Vanquished Creatures (collateral kills)
  A yak (D:7)
  4 gnolls (D:4)
  2 orcs
7 creatures vanquished.

Vanquished Creatures (others)
  A yak (D:7)
  A necrophage (D:6)
  A gnoll (D:4)
  An orc (D:6)
4 creatures vanquished.

Grand Total: 146 creatures vanquished

Notes
Turn   | Place    | Note
-------+----------+-------------------------------------------
     0 | D:1      | ragingrage the Demigod Artificer began the quest for the
                  | Orb.
     0 | D:1      | Reached XP level 1. HP: 15/15 MP: 3/3
   144 | D:1      | Reached skill level 1 in Stealth
   151 | D:1      | Reached skill level 1 in Fighting
   407 | D:1      | Reached XP level 2. HP: 22/23 MP: 4/4
  1320 | D:2      | Reached XP level 3. HP: 29/29 MP: 5/5
  2187 | D:3      | Reached XP level 4. HP: 32/36 MP: 6/6
  2240 | D:3      | Found a transporter.
  2243 | D:3      | Found a transporter.
  2243 | D:3      | Noticed a black bear
  2359 | D:3      | Reached XP level 5. HP: 34/42 MP: 7/7
  3350 | D:4      | Reached XP level 6. HP: 44/51 MP: 8/8
  3429 | D:4      | Found Deoxaq's Magic Scroll Shop.
  3437 | D:4      | Bought a scroll of fog for 56 gold pieces
  3477 | D:4      | Noticed Sigmund
  3881 | D:4      | Found a runed translucent door.
  3886 | D:4      | Noticed Encipher's ghost (amateur DjDe)
  4224 | D:4      | Killed Sigmund
  4225 | D:4      | Reached XP level 7. HP: 40/59 MP: 9/9
  4376 | D:5      | Entered Level 5 of the Dungeon
  4406 | D:4      | Reached skill level 5 in Evocations
  4625 | D:5      | Reached skill level 5 in Stealth
  4833 | D:5      | Noticed Eustachio
  4846 | D:5      | Killed Eustachio
  4847 | D:5      | Reached skill level 5 in Fighting
  4892 | D:5      | Noticed Prince Ribbit
  4906 | D:5      | Killed Prince Ribbit
  4907 | D:5      | Reached skill level 1 in Long Blades
  4922 | D:5      | Reached skill level 2 in Long Blades
  4922 | D:5      | Reached XP level 8. HP: 52/70 MP: 10/10
  5263 | D:5      | Noticed Grinder
  5280 | D:5      | Paralysed by Grinder for 3 turns
  5286 | D:5      | Killed Grinder
  5287 | D:5      | Reached skill level 4 in Long Blades
  5396 | D:5      | Found a staircase to the Ecumenical Temple.
  5721 | D:6      | Reached skill level 5 in Long Blades
  5738 | D:6      | Got the Anthology of the Loofah
  6843 | D:6      | Reached skill level 6 in Long Blades
  7392 | D:7      | Reached XP level 9. HP: 60/77 MP: 11/11
  7455 | D:7      | Noticed a brown ugly thing
  7472 | D:6      | Reached skill level 7 in Long Blades
  7772 | D:7      | Learned a level 1 spell: Apportation
  7776 | D:7      | Learned a level 3 spell: Mephitic Cloud
  7913 | D:7      | Reached skill level 8 in Long Blades
  7973 | D:7      | Noticed Pikel
  7988 | D:7      | Killed Pikel
  7989 | D:7      | Reached skill level 9 in Long Blades
  8425 | D:7      | HP: 2/77 [something (9)]
  8434 | D:7      | Slain by an unseen horror

Illustrated notes

Levels and vault maps discovered:
D:1:      dpeg_cavernosity, layout_basic
D:2:      cheibrodos_helix_gallery, layout_basic
D:3:      layout_rooms, nicolae_dithmenos_through_a_glass_darkly,
          gammafunk_temple_overflow_arena,
          shapermc_ecumenical_altar_mp_vishouse, hangedman_decor_growths,
          minmay_strange_pillars, st_stairs_14
D:4:      layout_loops_ring, mainiacjoe_overflow_alcove_3,
          ebering_ghost_reflecting_pool, serial_shops, nicolae_shop_crystal,
          uniq_sigmund
D:5:      layout_cave_pods, temple_green, uniq_eustachio, uniq_grinder,
          uniq_prince_ribbit1
D:6:      layout_cave_pods, makhleb_grotto_becter
D:7:      minmay_blocky_corners, layout_loops_ring, uniq_pikel

Skill      XL: |  1  2  3  4  5  6  7  8  9 |
---------------+----------------------------+-----
Stealth        | 1 2 3 4 5 |  5.0
Fighting       | 1 2 3 4 6 |  6.3
Evocations     | 3 4 5 |  5.0
Long Blades    | 2 6 9 |  9.5
Armour         | |  1.7
Dodging        | |  0.8

Action                   |  1- 3 |  4- 6 |  7- 9 || total
-------------------------+-------+-------+-------++-------
Melee: Club              |    17 |       |       ||    17
       Quarterstaff      |    23 |       |       ||    23
       Dagger            |    76 |   154 |   240 ||   470
       Punch             |     1 |     3 |     2 ||     6
       Falchion          |       |       |   105 ||   105
       Unarmed           |       |       |     5 ||     5
Evoke: Wand              |       |     4 |    15 ||    19
  Use: Potion            |       |     2 |     6 ||     8
 Stab: Sleeping          |    11 |     5 |     3 ||    19
Armor: Leather armour    |    32 |    42 |       ||    74
       Ring mail         |       |    13 |   158 ||   171
       Troll leather arm |       |       |     7 ||     7
       Skin              |       |       |     4 ||     4
Dodge: Dodged            |    58 |    82 |   190 ||   330

Table legend: (Time is in decaauts)
 A = Elapsed time spent in this place.
 B = Non-inter-level travel time spent in this place.
 C = Inter-level travel time spent in this place.
 D = Time resting spent in this place.
 E = Time spent auto-exploring this place.
 F = Levels seen in this place.
 G = Mean time per level.
                   A        B        C        D        E       F      G
               +--------+--------+--------+--------+--------+-----+--------+
         Total |   8410 |   7977 |    433 |   1694 |   4659 |   7 | 1201.4 |
       Dungeon |   8410 |   7977 |    433 |   1694 |   4659 |   7 | 1201.4 |
               +--------+--------+--------+--------+--------+-----+--------+

Top non-repeatable levels by time:
     D:6: 1703 daAuts
     D:1: 1256 daAuts
     D:5: 1238 daAuts
     D:4: 1174 daAuts
     D:3: 1080 daAuts
     D:7: 1034 daAuts
     D:2: 922 daAuts
